 Dungeon Sprint DCSS version 0.28.0-53-g5a82cb258f (webtiles) character file.

Game seed: 9684213541864496559

0 Zeld the Skirmisher (level 1, -3/20 HPs)
             Began as a Minotaur Berserker on June 13, 2022.
             Was a Follower of Trog.
             Killed from afar by a manticore (23 damage)
             ... with a volley of spikes
             ... in the Dungeon (Sprint VII: "The Pits").
             The game lasted 00:00:24 (166 turns).

Zeld the Skirmisher (Minotaur Berserker)             Turns: 166, Time: 00:00:24

Health: -3/20      AC:  2    Str: 21    XL:     1   Next: 8%
Magic:  0/0        EV: 12    Int:  4    God:    Trog [*.....]
Gold:   0          SH:  0    Dex:  9    Spells: 0/0 levels left

rFire   . . .      SeeInvis .   a - +0 hand axe
rCold   . . .      Faith    .   (no shield)
rNeg    . . .      Spirit   .   b - +0 animal skin
rPois   .          Reflect  .   (helmet restricted)
rElec   .          Harm     .   (no cloak)
rCorr   .          Rampage  .   (no gloves)
Will    .....      NoTele   +   (no boots)
Stlth   +.........              (no amulet)
HPRegen 0.06/turn               (no ring)
MPRegen 0.07/turn               (no ring)

@: spiked
A: horns 2, retaliatory headbutt
a: Renounce Religion, Berserk


You were in the Dungeon.
You worshipped Trog.
Trog was aware of your devotion.
You visited 1 branch

Inventory:

Hand Weapons
 a - a +0 hand axe (weapon)
Armour
 b - a +0 animal skin (worn)
Scrolls
 h - a scroll of blinking
Potions
 e - a potion of haste
 f - 2 potions of magic
 g - a potion of berserk rage


   Skills:
 * Level 3.8 Fighting
 * Level 3.8 Axes
 + Level 2.5 Armour
 + Level 2.3 Dodging


You couldn't memorise any spells.
You didn't know any spells.
Your spell library was empty.

Dungeon Overview and Level Annotations

Branches:
Dungeon (1/1)

Altars:


Innate Abilities, Weirdness & Mutations

You have a pair of horns on your head.
You reflexively headbutt those who attack you in melee.


Message History

The snapping turtle hisses angrily.
You hear a shout!
The bat hits you but does no damage.
You feel a strong urge to attack something.
The bat hits you.
You are no longer berserk.
You are exhausted.
You feel yourself slow down. The bat misses you. The bat barely misses you.
The bat hits you but does no damage.
There is a huge open gate to the Metal Vault (Medium) here.
The bat closely misses you. The bat hits you but does no damage.
There is a huge open gate to the Metal Vault (Medium) here.
The bat hits you but does no damage.
You close the huge gate.
The bat closely misses you.
A bat is nearby!
The bat misses you. The bat barely misses you.
You closely miss the bat. You headbutt the bat.
You kill the bat!
Trog accepts your kill.
You start waiting.
You feel yourself speed up.
You start waiting.
You recover from your berserk rage.
You start waiting.
Done waiting.
As you open the huge gate, it creaks loudly!
There is a huge open gate to the Metal Vault (Medium) here.
There is a huge open gate to the Metal Vault (Medium) here.
A kobold comes into view. It is wielding a +0 whip.
The snapping turtle hisses angrily.
The kobold shouts!
The kobold throws a stone.
The stone hits you.
A phantom comes into view.
A kobold brigand comes into view.
It is wielding a +0 short sword and quivering poisoned darts.
A cane toad comes into view.
The kobold brigand shouts!
The cane toad croaks.
The manticore flicks its tail.
The volley of spikes hits you!!
The barbed spikes become lodged in your body.
Ouch! That really hurt!
You die...

##########++######
#................#
#......#..#......#
#................+
+................+
#......#..#......#
#................#
####'#####''######
#.......##'@#
#.......##..##
#.......##...##
#...<...###...##+##.
#.......# ##........
#.......# #.H###W###
#.......##..## K.
##########.. .K #..
#


You could see a manticore.

Vanquished Creatures
  A bat (D)
1 creature vanquished.

Notes
Turn   | Place    | Note
-------+----------+-------------------------------------------
     0 | D        | Zeld the Minotaur Berserker began the quest for the Orb.
     0 | D        | Reached XP level 1. HP: 19/19 MP: 0/0
    16 | D        | Noticed a manticore
    17 | D        | Noticed a redback
    25 | D        | Noticed a snapping turtle
   164 | D        | Noticed a phantom
   164 | D        | Noticed a kobold brigand
   164 | D        | Noticed a cane toad
   166 | D        | Killed from afar by a manticore

Illustrated notes

Levels and vault maps discovered:
D:        pitsprint [storerooms_1, entrance_room_1, metal_vault_5, armoury_1,
          mini_pit_1, grid_room_1, main_hall_1, silver_pit, the_coven_2,
          the_vestibule_1, steel_vault_2, golden_pit, hallway_of_sentries,
          crystal_vault_2, iron_vault_2, final_vault]

Action                   || total
-------------------------++-------
Melee: Hand axe          ||     3
       Headbutt          ||     1
Invok: Berserk           ||     1
  Use: Potion            ||     2
Armor: Animal skin       ||     7
Dodge: Dodged            ||     8
